 Dungeon Crawl Stone Soup version 0.26.1-11-gd32895ea62 (webtiles) character file.

Game seed: 7063703918666099347

2067 Fortitude43 the Fighter (level 9, -2/84 HPs)
             Began as a Hill Orc Chaos Knight on May 7, 2021.
             Was a Plaything of Xom.
             Slain by an orc warrior
             ... wielding a +0 flail
              (15 damage)
             ... on level 7 of the Dungeon.
             The game lasted 01:20:10 (6302 turns).

Fortitude43 the Fighter (Hill Orc Chaos Knight)     Turns: 6302, Time: 01:20:10

Health: -2/84      AC: 17    Str: 22    XL:     9   Next: 26%
Magic:  9/9        EV:  6    Int: 13    God:    Xom [..*...]
Gold:   375        SH:  0    Dex: 15    Spells: 8/8 levels left

rFire    x . .     SeeInvis +   a - +0 short sword (chaos)
rCold    + + .     Faith    +   (no shield)
rNeg     + . .     Spirit   .   E - +0 plate armour
rPois    +         Reflect  .   (helmet restricted)
rElec    +         Harm     .   k - +2 ratskin cloak {*Rats rPois rN+ Str-1 Int-1 Dex+1}
rCorr    .         Rampage  .   (no gloves)
Will     .....                  r - +0 pair of boots
Stlth    ..........             p - amulet of faith
HPRegen  0.24/turn              q - ring "Cauguat" {rC+ Str+6}
MPRegen  0.11/turn              D - ring of Rotoijom {Ice rElec Str+2 Dex+3 SInv}

@: invisible
A: antennae 1, rugged brown scales 1, poison resistance, shaggy fur 1
a: Renounce Religion


You were on level 7 of the Dungeon.
You worshipped Xom.
You were a toy of Xom.
You visited 1 branch of the dungeon, and saw 7 of its levels.

You collected 375 gold pieces.

Inventory:

Hand Weapons
 a - a +0 short sword of chaos (weapon)
 h - a +1 dagger of draining
Missiles
 g - 37 poisoned darts
 j - 4 atropa-tipped darts
 o - 11 javelins (quivered)
Armour
 b - a +2 leather armour
 k - the +2 ratskin cloak (worn) {*Rats rPois rN+ Str-1 Int-1 Dex+1}
   (You found it on level 6 of the Dungeon)

   It affects your strength (-1).
   It affects your intelligence (-1).
   It affects your dexterity (+1).
   It protects you from poison.
   It protects you from negative energy.
 r - a +0 pair of boots (worn)
 u - a +0 cloak
 v - a +0 helmet
 E - a +0 plate armour (worn)
 F - a +0 ring mail
Jewellery
 n - an uncursed ring of stealth
 p - an amulet of faith (around neck)
 q - the ring "Cauguat" (left hand) {rC+ Str+6}
   (You acquired it on level 6 of the Dungeon)

   [ring of strength]

   It affects your strength (+6).
   It protects you from cold.
 x - a +6 ring of dexterity
 C - an uncursed ring of resist corrosion
 D - the ring of Rotoijom (right hand) {Ice rElec Str+2 Dex+3 SInv}
   (You found it on level 6 of the Dungeon)

   [ring of ice]

   It enhances your ice magic.
   It affects your strength (+2).
   It affects your dexterity (+3).
   It makes you vulnerable to fire.
   It protects you from cold.
   It insulates you from electricity.
   It lets you see invisible.
Wands
 i - a wand of random effects (16)
 y - a wand of flame (8)
 B - a wand of disintegration (7)
Scrolls
 d - 2 scrolls of remove curse
 e - 2 scrolls of fog
 w - 3 scrolls of teleportation
Potions
 c - 2 potions of might
 f - 3 potions of magic
 l - a potion of mutation
 m - 3 potions of lignification
 s - a potion of resistance {unknown}
 z - a potion of brilliance {unknown}
 A - a potion of ambrosia {unknown}


   Skills:
 + Level 8.3 Fighting
 - Level 3.0 Short Blades
 + Level 5.0 Throwing
 - Level 2.1 Armour
 - Level 0.7 Dodging
 + Level 5.5 Stealth
 + Level 5.3 Evocations


You had 8 spell levels left.
You didn't know any spells.
Your spell library was empty.

Dungeon Overview and Level Annotations

Branches:
Dungeon (7/15)             Temple (0/1) D:5

Altars:
Dithmenos
Qazlal
Xom
Zin
The Shining One


Innate Abilities, Weirdness & Mutations

You have a pair of small antennae on your head.
You are partially covered in rugged brown scales. (AC +1, +3% HP)
Your system is resistant to poisons. (rPois)
You are covered in fur. (AC +1)


Message History

The orc warrior barely misses you. The orc hits you but does no damage.
The orc warrior hits you with a +0 flail!
The orc hits you but does no damage.
You hit the orc warrior but do no damage.
The orc warrior is lightly wounded.
The orc warrior hits you with a +0 flail!
The orc barely misses you. The orc hits you with a +0 falchion.
You hit the orc warrior but do no damage.
The orc warrior is lightly wounded.
You hit the orc warrior. You burn the orc warrior.
The orc warrior is moderately wounded.
The orc hits you but does no damage. x2; The orc warrior barely misses you.
You open the door.
The orc warrior hits you with a +0 flail!
* * * LOW HITPOINT WARNING * * *
The orc warrior hits you with a +0 flail!
* * * LOW HITPOINT WARNING * * *
You fade into invisibility!
The orc warrior hits you with a +0 flail!
You die...

#### +..#
#..#
######..#
#... ...
#... #'##
#... #@o#
#...##o.#
#...).oo#
#.......#
#########


You could see an orc warrior (fast) and 3 orcs.

Vanquished Creatures
  A golden eye (shapeshifter) (D:6)
  A golden eye (D:5)
  Menkaure (D:5)
  An orc warrior (D:7)
  A sky beast (D:6)
  An ice beast (D:6)
  An ogre (D:6)
  A centaur (D:5)
  A scorpion (D:6)
  A water moccasin skeleton (D:6)
  4 wights (D:6)
  3 orc priests
  2 hounds
  A jelly (D:5)
  A bullfrog skeleton (D:4)
  An iguana (D:4)
  3 orc wizards
  9 worker ants
  3 hell rats (D:6)
  A hound zombie (D:5)
  2 hound skeletons
  A howler monkey zombie (D:6)
  A worker ant zombie (D:7)
  A howler monkey skeleton (D:2)
  4 gnolls (D:6)
  3 adders
  4 river rats (D:6)
  An ufetubus (D:6)
  An adder skeleton (D:5)
  A worm (D:2)
  The ghost of ZZKoverts the Sneak, a weakling DEDe (D:6)
  4 leopard geckos
  14 orcs
  2 ball pythons (D:6)
  5 bats
  6 giant cockroaches
  7 goblins
  4 hobgoblins
  7 jackals
  6 kobolds
  3 quokkas
  2 frilled lizards
  18 rats
136 creatures vanquished.

Vanquished Creatures (collateral kills)
  An ogre (D:4)
  A bullfrog (D:6)
  A scorpion (D:4)
  An orc wizard (D:4)
  A centaur skeleton (D:4)
  A gnoll shaman (D:6)
  A gnoll (D:6)
  An adder (D:2)
  2 orcs (D:4)
10 creatures vanquished.

Vanquished Creatures (others)
  A white imp (D:6)
  An ooze (D:6)
2 creatures vanquished.

Grand Total: 148 creatures vanquished

Notes
Turn   | Place    | Note
-------+----------+-------------------------------------------
     0 | D:1      | Fortitude43 the Hill Orc Chaos Knight began the quest for
                  | the Orb.
     0 | D:1      | Reached XP level 1. HP: 19/19 MP: 1/1
   288 | D:1      | XOM: potion effect (berserk rage)
   342 | D:1      | XOM: divination: magic mapping
   384 | D:1      | XOM: cloud trail
   400 | D:1      | Reached skill level 4 in Fighting
   400 | D:1      | Reached XP level 2. HP: 22/27 MP: 2/2
   605 | D:1      | Reached skill level 1 in Stealth
   817 | D:2      | Reached XP level 3. HP: 19/34 MP: 3/3
   858 | D:2      | Noticed a glowing shapeshifter
   858 | D:2      | a jackal changed into a glowing shapeshifter
   858 | D:2      | XOM: summons 3 friendly demons
   858 | D:2      | Noticed a sea snake
   858 | D:2      | a glowing shapeshifter changed into a sea snake
   860 | D:2      | Noticed a glowing orange brain
   860 | D:2      | a sea snake changed into a glowing orange brain
   866 | D:2      | Noticed a slime creature
   866 | D:2      | a glowing orange brain changed into a slime creature
   867 | D:2      | Noticed a faun
   867 | D:2      | a slime creature changed into a faun
   869 | D:2      | Noticed a slime creature
   869 | D:2      | a faun changed into a slime creature
   870 | D:2      | XOM: divination: detect creatures
   871 | D:2      | Noticed a boulder beetle
   871 | D:2      | a slime creature changed into a boulder beetle
   880 | D:2      | Noticed a queen ant
   880 | D:2      | a boulder beetle changed into a queen ant
   881 | D:2      | Noticed an eleionoma
   881 | D:2      | a queen ant changed into an eleionoma
   897 | D:2      | Noticed a dire elephant
   898 | D:2      | Noticed an iron troll
   898 | D:2      | a dire elephant changed into an iron troll
  1161 | D:2      | XOM: enchant monster (bad)
  1259 | D:2      | Found a stormy altar of Qazlal.
  1259 | D:2      | Found a shadowy altar of Dithmenos.
  1307 | D:2      | Reached XP level 4. HP: 41/41 MP: 4/4
  1510 | D:2      | Noticed a golden dragon
  1537 | D:2      | Found a glowing golden altar of the Shining One.
  1571 | D:2      | Noticed a stone giant
  1595 | D:2      | Noticed a boulder beetle
  1721 | D:2      | Reached skill level 5 in Fighting
  2263 | D:3      | XOM: 1-stop teleportation journey
  2489 | D:4      | Reached skill level 1 in Throwing
  2569 | D:4      | XOM: give mutations
  2569 | D:4      | Gained mutation: You are covered in fur. (AC +1) [Xom's
                  | grace]
  2569 | D:4      | Gained mutation: Your system is resistant to poisons.
                  | (rPois) [Xom's grace]
  2569 | D:4      | Gained mutation: You are partially covered in rugged brown
                  | scales. (AC +1, +3% HP) [Xom's grace]
  2590 | D:4      | XOM: summons friendly iron imp
  2591 | D:4      | Reached XP level 5. HP: 36/49 MP: 5/5
  2620 | D:4      | XOM: cast spell 'Summon Dragon'
  2622 | D:4      | Reached skill level 1 in Evocations
  2678 | D:4      | Noticed an ogre
  2682 | D:4      | Killed an ogre
  2683 | D:4      | Reached XP level 6. HP: 35/57 MP: 6/6
  3316 | D:4      | Found a glowing silver altar of Zin.
  3419 | D:5      | Entered Level 5 of the Dungeon
  3433 | D:5      | Noticed Prince Ribbit
  3437 | D:5      | XOM: blink monster(s)
  3446 | D:5      | Noticed Prince Ribbit
  3446 | D:5      | Prince Ribbit changed into Prince Ribbit the golden eye
  3446 | D:5      | XOM: polymorph Prince Ribbit -> Prince Ribbit the golden
                  | eye
  3447 | D:5      | XOM: confusion
  3454 | D:5      | XOM: confuse monster(s)
  3462 | D:5      | XOM: enchant monster (good)
  3515 | D:5      | XOM: silly message
  3516 | D:5      | XOM: enchant monster (bad)
  3517 | D:5      | XOM: potion effect (curing)
  3519 | D:5      | Killed Prince Ribbit the golden eye
  3520 | D:5      | Reached skill level 6 in Fighting
  3520 | D:5      | Reached XP level 7. HP: 62/64 MP: 7/7
  3691 | D:5      | XOM: silly message
  3850 | D:5      | Noticed Menkaure
  3856 | D:5      | XOM: enchant monster (bad)
  3863 | D:5      | Killed Menkaure
  3919 | D:5      | Reached XP level 8. HP: 73/73 MP: 8/8
  4034 | D:5      | XOM: cleaving
  4180 | D:5      | Found a staircase to the Ecumenical Temple.
  4214 | D:5      | XOM: god gift: glass ring {god gift}
  4270 | D:6      | XOM: smoke on damage
  4272 | D:6      | Reached skill level 7 in Fighting
  4336 | D:6      | XOM: cast spell 'Summon Ice Beast'
  4355 | D:6      | XOM: summons 7 friendly demons
  4391 | D:6      | XOM: summons friendly orange demon
  4392 | D:6      | Noticed a shapeshifter
  4392 | D:6      | a bullfrog changed into a shapeshifter
  4392 | D:6      | a shapeshifter changed into a golden eye
  4414 | D:6      | Found a transporter.
  4414 | D:6      | Noticed ZZKoverts's ghost (weakling DEDe)
  4417 | D:6      | Found a transporter.
  4528 | D:6      | XOM: god gift: 28 gold pieces
  4883 | D:6      | Got a smoking wooden ring
  4885 | D:6      | Identified the ring of Rotoijom {Ice rElec Str+2 Dex+3
                  | SInv} (You found it on level 6 of the Dungeon)
  4887 | D:6      | XOM: cloud trail
  4918 | D:6      | XOM: polymorph orc warrior -> ooze
  4919 | D:6      | Killed ZZKoverts's ghost
  4926 | D:6      | Reached skill level 5 in Stealth
  4930 | D:6      | XOM: cleaving
  4932 | D:6      | XOM: destruction
  4989 | D:6      | Identified a scroll of acquirement
  4989 | D:6      | Acquired the ring "Cauguat" {rC+ Str+6}
  5019 | D:6      | Found the +2 ratskin cloak {*Rats rPois rN+ Str-1 Int-1
                  | Dex+1}
  5019 | D:6      | XOM: 3-stop teleportation journey
  5026 | D:6      | Reached XP level 9. HP: 25/81 MP: 9/9
  5037 | D:6      | Reached skill level 8 in Fighting
  5047 | D:6      | Reached skill level 5 in Evocations
  5062 | D:6      | XOM: scenery: create altars
  5518 | D:6      | XOM: summons 1 hostile shadow creature
  5540 | D:6      | XOM: give mutation
  5540 | D:6      | Gained mutation: You have a pair of small antennae on your
                  | head. [Xom's grace]
  6063 | D:7      | Reached skill level 5 in Throwing
  6077 | D:7      | XOM: silly message
  6279 | D:7      | XOM: 2-stop teleportation journey
  6302 | D:7      | Slain by an orc warrior

Illustrated notes

Levels and vault maps discovered:
D:1:      dpeg_arrival_simpleton_c, layout_loops_ring
D:2:      layout_rooms, marbit_many_paths, gammafunk_temple_overflow_elements,
          grunt_ministairs_13, minmay_pentomino_r2
D:3:      layout_rooms
D:4:      layout_basic, lemuel_statue_altar
D:5:      layout_rooms, minmay_temple_entry_junction, zaba_anthole,
          uniq_menkaure, uniq_prince_ribbit1
D:6:      wander_guarded_unrand_ratskin, layout_basic, gammafunk_ghost_arena,
          minmay_misc_feat_room, minmay_misc_feat_secret_circle,
          minmay_splitting_lines
D:7:      layout_gridville

Skill      XL: |  1  2  3  4  5  6  7  8  9 |
---------------+----------------------------+-----
Fighting       | 4 5 6 7 8 |  8.3
Stealth        | 1 2 3 4 5 |  5.5
Throwing       | 1 2 3 4 5 |  5.0
Evocations     | 1 2 3 4 5 |  5.3
Short Blades   | |  3.0
Armour         | |  2.1
Dodging        | |  0.7

Action                   |  1- 3 |  4- 6 |  7- 9 || total
-------------------------+-------+-------+-------++-------
Melee: Short sword       |    90 |   124 |   223 ||   437
Throw: Boomerang         |     1 |     8 |       ||     9
       Dart              |       |    50 |     2 ||    52
       Javelin           |       |    29 |    32 ||    61
Evoke: Wand              |       |       |    18 ||    18
  Use: Scroll            |     5 |     8 |     9 ||    22
       Potion            |       |     1 |    10 ||    11
 Stab: Distracted        |     1 |       |     1 ||     2
       Sleeping          |     1 |     1 |     9 ||    11
       Invisible         |       |     4 |     6 ||    10
       Confused          |       |       |     3 ||     3
       Paralysed         |       |       |     1 ||     1
Armor: Leather armour    |    40 |    41 |    68 ||   149
       Skin              |       |       |    52 ||    52
       Plate armour      |       |       |    30 ||    30
Dodge: Dodged            |    64 |    49 |   142 ||   255
